 Dungeon Crawl Stone Soup version 0.29-a0-841-g116ddc6ace (webtiles) character file.

Game seed: 7204719657211479953

1040 omnesmortales the Chiller (level 8, -5/52 HPs)
             Began as a Merfolk Ice Elementalist on July 15, 2022.
             Slain by a phantom (7 damage)
             ... on level 5 of the Dungeon.
             The game lasted 01:25:29 (7072 turns).

omnesmortales the Chiller (MfIE)                    Turns: 7072, Time: 01:25:51

Health: -5/52      AC:  2    Str:  6 (8)  XL:     8   Next: 24%
Magic:  3/16       EV: 13    Int: 20 (22) God:
Gold:   302        SH:  0    Dex: 19 (21) Spells: 8/17 levels left

rFire   . . .      SeeInvis .   d - staff of cold
rCold   + . .      Faith    .   (no shield)
rNeg    . . .      Spirit   .   a - +0 robe
rPois   .          Reflect  .   (no helmet)
rElec   .          Harm     .   (no cloak)
rCorr   .          Rampage  .   (no gloves)
Will    .....                   (no boots)
Stlth   ++........              (no amulet)
HPRegen 0.17/turn               j - +6 ring of intelligence
MPRegen 0.15/turn               n - +6 ring of dexterity

@: no status effects
A: (nimble swimmer 2), mertail
a: no special abilities


You were on level 5 of the Dungeon.
You visited 1 branch of the dungeon, and saw 5 of its levels.

You collected 302 gold pieces.

Inventory:

Missiles
 l - 59 stones
 m - 10 boomerangs (quivered)
Armour
 a - a +0 robe (worn)
Magical Staves
 d - a staff of cold (weapon)
 h - a staff of earth
 t - a staff of earth
Jewellery
 f - a ring of flight
 j - a +6 ring of intelligence (left hand)
 n - a +6 ring of dexterity (right hand)
 w - a ring of see invisible
Scrolls
 e - a scroll of brand weapon
 g - 4 scrolls of identify
 o - 3 scrolls of teleportation
 r - a scroll of enchant armour {unknown}
 s - a scroll of blinking {unknown}
 u - a scroll of poison {unknown}
 v - a scroll of amnesia {unknown}
Potions
 c - 2 potions of berserk rage {unknown}
 i - a potion of mutation {unknown}
 q - a potion of might


   Skills:
 - Level 2.6 Dodging
 - Level 2.1 Stealth
 + Level 5.4 Spellcasting
 + Level 4.7 Summonings
 + Level 7.5 Ice Magic


You had 8 spell levels left.
You knew the following spells:

 Your Spells              Type           Power      Damage    Failure   Level
a - Freeze                Ice            100%       1d11      1%          1
b - Ozocubu's Armour      Ice            52%        N/A       1%          3
c - Necrotise             Necr           20%        1d5       11%         1
d - Summon Small Mammal   Summ           96%        N/A       1%          1
e - Frozen Ramparts       Ice            100%       1d12      1%          3

Your spell library contained the following spells:

 Spells                   Type           Power      Damage    Failure   Level
 Apportation              Tloc           10%        N/A       11%         1
 Blink                    Tloc           10%        N/A       17%         2
 Hailstorm                Conj/Ice       30%        3d8       24%         4
 Vampiric Draining        Necr           5%         2d6       32%         3
 Agony                    Necr           5%         N/A       97%         5


Dungeon Overview and Level Annotations

Branches:
Dungeon (5/15)
 Temple: D:4-7

Altars:
Ru
Xom


Innate Abilities, Weirdness & Mutations

((You are very nimble when in or above water. (Stealth+, EV+, Speed+++)))
Your lower body shifts to a powerful aquatic tail in water.


Message History

The phantom completely misses you.
You hit the phantom but do no damage.
The phantom is almost destroyed.
The phantom hits you.
* * * LOW HITPOINT WARNING * * *
The phantom hits you.
* * * LOW HITPOINT WARNING * * *
You hit the phantom but do no damage. You freeze the phantom.
The phantom is almost destroyed.
The phantom hits you.
* * * LOW HITPOINT WARNING * * *
It was a potion of degeneration.
There was something very wrong with that liquid.
You feel weakened.
You feel dopey.
You feel clumsy. The phantom misses you.
You closely miss the phantom.
The phantom is almost destroyed.
The phantom completely misses you.
You hit the phantom.
The phantom is almost destroyed.
The phantom hits you.
* * * LOW HITPOINT WARNING * * *
The phantom blinks!
You blink.
Casting: Freeze (safe; 1% risk of failure)
Confirm with . or Enter, or press ? or * to list all spells.
Aiming: Freeze (safe; 1% risk of failure)
Press: ? - help, Shift-Dir - straight line, f/p - phantom
Aim: a phantom (almost destroyed)
You feel a surge of power!
You freeze the phantom but do no damage.
The phantom completely resists.
The phantom completely misses you.
Casting: Freeze (safe; 1% risk of failure)
Confirm with . or Enter, or press ? or * to list all spells.
Aiming: Freeze (safe; 1% risk of failure)
Press: ? - help, Shift-Dir - straight line, f/p - phantom
Aim: a phantom (almost destroyed)
You feel a surge of power!
You freeze the phantom.
The phantom resists.
The phantom is almost destroyed.
The phantom hits you!
You die...

##........#........#.#.###
...#................#.#.#
.....................#..#
###...#..##..........#.#.##
.##..##..##.......§.##.##.##
#...#........[.....§...###.#
#...##.#)............#..####
.##...#................##
#.........#.>.#.@.......###
#.#.##..).#.....W#...#..#.##
..#.##...........#...##..#.#
..####....####......###.#.##
....##.#..####.....###..#.#
.....#.#...##.......###.###
.....##..............#..##
#.....#.....##...........#
#r.##....#..#...###.#...##


You could see a phantom.

Vanquished Creatures
  A black bear (D:4)
  A centaur (D:5)
  An ogre (D:5)
  A phantom (D:5)
  2 scorpions
  An orc priest (D:5)
  Jessica (D:3)
  3 iguanas
  3 orc wizards (D:4)
  6 adders
  A white imp (D:4)
  An ufetubus (D:4)
  A worm (D:2)
  12 orcs
  10 endoplasms
  2 giant cockroaches
  7 goblins
  7 hobgoblins
  6 jackals
  10 quokkas
  7 ball pythons
  4 bats
  5 frilled lizards
  7 kobolds
  3 rats
103 creatures vanquished.

Vanquished Creatures (collateral kills)
  Sigmund (D:2)
  A phantom (D:5)
  A frilled lizard (D:2)
3 creatures vanquished.

Vanquished Creatures (others)
  4 plants
4 creatures vanquished.

Grand Total: 110 creatures vanquished

Notes
Turn   | Place    | Note
-------+----------+-------------------------------------------
     0 | D:1      | omnesmortales the Merfolk Ice Elementalist began the quest
                  | for the Orb.
     0 | D:1      | Reached XP level 1. HP: 13/13 MP: 3/3
   324 | D:1      | Reached XP level 2. HP: 18/19 MP: 3/5
   524 | D:1      | Found a faded altar of an unknown god.
   750 | D:1      | Reached XP level 3. HP: 18/24 MP: 2/6
   830 | D:1      | Learned a level 3 spell: Ozocubu's Armour
  1007 | D:1      | Reached skill level 5 in Ice Magic
  1148 | D:1      | Learned a level 1 spell: Necrotise
  1150 | D:1      | Learned a level 1 spell: Summon Small Mammal
  1691 | D:2      | Found a shimmering altar of Xom.
  1717 | D:2      | Noticed Sigmund
  1958 | D:2      | Reached XP level 4. HP: 21/30 MP: 4/8
  2610 | D:3      | Reached skill level 1 in Summonings
  2736 | D:3      | Noticed Jessica
  2748 | D:3      | Killed Jessica
  2749 | D:3      | Reached XP level 5. HP: 33/35 MP: 3/10
  2807 | D:3      | Got Jessica's Parchment of Translocation
  3756 | D:2      | Killed Sigmund
  3757 | D:2      | Reached skill level 6 in Ice Magic
  3757 | D:2      | Reached XP level 6. HP: 18/41 MP: 3/12
  4173 | D:4      | Noticed a black bear
  4199 | D:4      | Killed a black bear
  4343 | D:4      | Learned a level 3 spell: Frozen Ramparts
  4415 | D:4      | Reached XP level 7. HP: 31/46 MP: 8/13
  5789 | D:4      | Found a sacrificial altar of Ru.
  5887 | D:5      | Entered Level 5 of the Dungeon
  6068 | D:5      | Reached skill level 7 in Ice Magic
  6083 | D:5      | Reached skill level 5 in Spellcasting
  6379 | D:5      | Reached XP level 8. HP: 11/52 MP: 10/15
  7070 | D:5      | HP: 2/52 [phantom (2)]
  7072 | D:5      | Slain by a phantom

Illustrated notes

Levels and vault maps discovered:
D:1:      tarquinn_simple_flora_water_c, layout_loops_ring,
          hellmonk_ecumenical_altar_heavens_door
D:2:      layout_loops_ring, basic_altar, minmay_pentomino_u2, uniq_sigmund
D:3:      layout_loops_cross, kennysheep_jessica_study
D:4:      wander_river, layout_rooms, nicolae_ru_the_path_less_chosen
D:5:      layout_layer_cave, old_standard_altar

Skill      XL: |  1  2  3  4  5  6  7 |
---------------+----------------------+-----
Ice Magic      | 5 6 7 |  7.5
Spellcasting   | 3 4 5 |  5.4
Summonings     | 1 2 3 4 |  4.7
Dodging        | |  2.6
Stealth        | |  2.1

Action                   |  1- 3 |  4- 6 |  7- 9 || total
-------------------------+-------+-------+-------++-------
Melee: Whip              |    13 |       |       ||    13
       Tailslap          |     2 |       |       ||     2
       Staff             |     2 |    11 |    45 ||    58
       Punch             |       |     2 |       ||     2
 Cast: Freeze            |    56 |    58 |    83 ||   197
       Summon Small Mamm |     3 |     6 |    10 ||    19
       Necrotise         |     3 |     4 |     3 ||    10
       Ozocubu's Armour  |       |     1 |     2 ||     3
       Frozen Ramparts   |       |     1 |     6 ||     7
  Use: Scroll            |       |     5 |     3 ||     8
       Potion            |       |       |     5 ||     5
Armor: Robe              |    10 |     6 |    24 ||    40
Dodge: Dodged            |    33 |    37 |    72 ||   142

Table legend: (Time is in decaauts)
 A = Elapsed time spent in this place.
 B = Non-inter-level travel time spent in this place.
 C = Inter-level travel time spent in this place.
 D = Time resting spent in this place.
 E = Time spent auto-exploring this place.
 F = Levels seen in this place.
 G = Mean time per level.
                   A        B        C        D        E       F      G
               +--------+--------+--------+--------+--------+-----+--------+
         Total |   7052 |   6770 |    282 |   2972 |   1180 |   5 | 1410.4 |
       Dungeon |   7052 |   6770 |    282 |   2972 |   1180 |   5 | 1410.4 |
               +--------+--------+--------+--------+--------+-----+--------+

Top non-repeatable levels by time:
     D:4: 1719 daAuts
     D:1: 1624 daAuts
     D:2: 1294 daAuts
     D:3: 1222 daAuts
     D:5: 1191 daAuts
